 Dungeon Crawl Stone Soup version 0.27-a0-323-gbd089401bb (webtiles) character file.

Game seed: 8249144061147165797

30 siradein the Grave Robber (level 3, -1/24 HPs)
             Began as a Demonspawn Necromancer on Feb 11, 2021.
             Slain by a white imp (3 damage)
             ... summoned by Natasha
             ... on level 1 of the Dungeon.
             The game lasted 00:05:24 (1438 turns).

siradein the Grave Robber (Demonspawn Necromancer)  Turns: 1438, Time: 00:05:25

Health: -1/24      AC:  9    Str:  8    XL:     3   Next: 3%
Magic:  1/7        EV: 12    Int: 17    God:
Gold:   29         SH:  0    Dex: 13    Spells: 5/7 levels left

rFire    . . .     SeeInvis .   b - +0 dagger (venom)
rCold    . . .     Faith    .   (no shield)
rNeg     . . .     Spirit   .   a - +0 robe
rPois    .         Reflect  .   (no helmet)
rElec    .         Harm     .   d - +0 cloak
rCorr    .         Rampage  .   (no gloves)
Will     .....                  (no boots)
Stlth    ++........             (no amulet)
HPRegen  0.08/turn              (no ring)
MPRegen  0.10/turn              (no ring)

@: sanguine armour
A: demonic guardian 1, sanguine armour 1
a: no special abilities


You were on level 1 of the Dungeon.
You visited 1 branch of the dungeon, and saw 2 of its levels.

You collected 29 gold pieces.

Inventory:

Hand Weapons
 b - a +0 dagger of venom (weapon)
Armour
 a - a +0 robe (worn)
 d - a +0 cloak (worn)
Scrolls
 c - a scroll of identify {unknown}
 f - a scroll of teleportation {unknown}
Potions
 e - 2 potions of haste {unknown}
 g - a potion of flight {unknown}
 h - a potion of heal wounds {unknown}


   Skills:
 - Level 1.7 Dodging
 - Level 1.7 Stealth
 + Level 2.7 Spellcasting
 + Level 5.0 Necromancy


You had 5 spell levels left.
You knew the following spells:

 Your Spells              Type           Power        Failure   Level
a - Pain                  Necr           76%          2%          1
b - Animate Skeleton      Necr           38%          2%          1

Your spell library contained the following spells:

 Spells                   Type           Power        Failure   Level
 Vampiric Draining        Necr           9%           7%          3
 Animate Dead             Necr           9%           22%         4
 Agony                    Necr           19%          54%         5


Dungeon Overview and Level Annotations

Branches:
Dungeon (2/15)

Altars:

Annotations:
D:1 Natasha


Innate Abilities, Weirdness & Mutations

A weak demonic guardian rushes to your aid.
When seriously injured, your bleeding wounds create armour. (AC +6)


Message History

Natasha mumbles some strange words.
Your kobold skeleton hits Natasha.
Natasha casts a spell at you.
The magic dart hits your kobold skeleton!
Your kobold skeleton is destroyed!
Aiming: Pain (safe; 2% risk of failure)
Press: ? - help, Q - select action, (/) - cycle Shift-Dir - straight line, f/p - Natasha
Aim: Natasha (lightly wounded, chance to affect: 78%) Natasha writhes in agony.
The white imp gestures at you. The puff of frost hits you!
Your blood congeals into armour.
Natasha mumbles some strange words.
Natasha shimmers violently.
There is a stone staircase leading up here.
Natasha closely misses you.
You climb upwards.
The crimson imp disappears in a puff of smoke!
The white imp disappears in a puff of smoke!
There is a stone staircase leading down here.
Aiming: Pain (safe; 2% risk of failure)
Press: ? - help, Q - select action, (/) - cycle Shift-Dir - straight line, f - Natasha
Aim: Natasha (moderately wounded, chance to affect: 78%) Natasha writhes in agony.
Natasha claws you.
Aiming: Pain (safe; 2% risk of failure)
Press: ? - help, Q - select action, (/) - cycle Shift-Dir - straight line, f/p - Natasha
Aim: Natasha (heavily wounded, chance to affect: 78%) Natasha writhes in agony!
Natasha casts a spell.
Aiming: Pain (safe; 2% risk of failure)
Press: ? - help, Q - select action, (/) - cycle Shift-Dir - straight line, f/p - Natasha
Aim: Natasha (almost dead, chance to affect: 78%) Natasha barely resists.
Natasha casts a spell at you. The magic dart hits you.
* * * LOW HITPOINT WARNING * * *
The white imp hits you.
* * * LOW HITPOINT WARNING * * *
A demonic guardian appears!
The white imp freezes you.
You die...

###########..##.# #
#............##.# #
#.######.##.###.####
#.# #.#...# #.....
#.# ##Z#### ######
#.# #.# #.# #.#
#5#### #.# ## #..@h#
#.# #. ####5#
#.######## #. #.#
#........# #.
#.##########.# ##
#...# #.# # ###.#
#.# # #.# #.# # #.#
#.# # #.# #.# #


You could see Natasha, a white imp (summoned) and a friendly shadow imp
(summoned).

Vanquished Creatures
  A dart slug (D:2)
  A leopard gecko (D:1)
  5 goblins (D:1)
  4 hobgoblins
  3 jackals (D:1)
  3 bats
  A frilled lizard (D:1)
  4 kobolds
  2 rats (D:1)
24 creatures vanquished.

Notes
Turn   | Place    | Note
-------+----------+-------------------------------------------
     0 | D:1      | siradein the Demonspawn Necromancer began the quest for the
                  | Orb.
     0 | D:1      | Reached XP level 1. HP: 13/13 MP: 3/3
   304 | D:1      | Gained mutation: A weak demonic guardian rushes to your
                  | aid. [demonic ancestry]
   304 | D:1      | Reached XP level 2. HP: 17/19 MP: 5/5
   459 | D:1      | You fall into a shaft and drop 1 floor!
   882 | D:1      | Learned a level 1 spell: Animate Skeleton
  1215 | D:2      | Reached skill level 5 in Necromancy
  1215 | D:2      | Gained mutation: When seriously injured, your bleeding
                  | wounds create armour. (AC +6) [demonic ancestry]
  1215 | D:2      | Reached XP level 3. HP: 10/24 MP: 0/7
  1418 | D:2      | Noticed Natasha
  1438 | D:1      | Slain by a white imp

Illustrated notes

Levels and vault maps discovered:
D:1:      giann_horns, layout_loops_ring, st_stairs_6
D:2:      layout_rooms, lemuel_coloured_pillars_altar, uniq_natasha

Skill      XL: |  1  2 |
---------------+-------+-----
Necromancy     | 5 |  5.0
Dodging        | |  1.7
Stealth        | |  1.7
Spellcasting   | |  2.7

Action                   || total
-------------------------++-------
Melee: Dagger            ||     6
 Cast: Pain              ||    42
       Animate Skeleton  ||     3
Armor: Robe              ||     2
Dodge: Dodged            ||    10

Table legend: (Time is in decaauts)
 A = Elapsed time spent in this place.
 B = Non-inter-level travel time spent in this place.
 C = Inter-level travel time spent in this place.
 D = Time resting spent in this place.
 E = Time spent auto-exploring this place.
 F = Levels seen in this place.
 G = Mean time per level.
                   A        B        C        D        E       F      G
               +--------+--------+--------+--------+--------+-----+--------+
         Total |   1438 |   1396 |     42 |      0 |   1251 |   2 |  719.0 |
       Dungeon |   1438 |   1396 |     42 |      0 |   1251 |   2 |  719.0 |
               +--------+--------+--------+--------+--------+-----+--------+

Top non-repeatable levels by time:
     D:1: 1207 daAuts
     D:2: 231 daAuts
